 Dungeon Crawl Stone Soup version 0.29.0-4-gdea44cf6ec (webtiles) character file.

Game seed: 811040543117323652

38 qw the Chopper (level 3, -1/21 HPs)
             Began as a Tengu Warper on Aug 28, 2022.
             Succumbed to their own poison gas
             ... on level 1 of the Dungeon.
             The game lasted 00:00:05 (1295 turns).

qw the Chopper (Tengu Warper)                       Turns: 1295, Time: 00:00:06

Health: -1/21      AC:  3    Str: 13    XL:     3   Next: 43%
Magic:  7/7        EV: 12    Int: 13    God:
Gold:   69         SH:  0    Dex: 13    Spells: 6/6 levels left

rFire   . . .      SeeInvis .   Y - +0 hand axe
rCold   . . .      Faith    .   (no shield)
rNeg    . . .      Spirit   .   b - +0 leather armour
rPois   .          Reflect  .   (helmet restricted)
rElec   .          Harm     .   (no cloak)
rCorr   .          Rampage  .   (no gloves)
Will    .....                   (boots unavailable)
Stlth   +.........              (no amulet)
HPRegen 0.07/turn               (no ring)
MPRegen 0.10/turn               (no ring)

@: lethally poisoned (-1 -> -16)
A: beak, talons 3
a: no special abilities


You were on level 1 of the Dungeon.
You visited 1 branch of the dungeon, and saw 1 of its levels.

You collected 69 gold pieces.


Innate Abilities, Weirdness & Mutations

You have a beak for a mouth.
You have claws for feet.


   Skills:
 - Level 2.0 Fighting
 + Level 4.1 Axes
 - Level 1.0 Throwing
 - Level 1.1 Armour
 - Level 2.1 Dodging
 - Level 2.0 Spellcasting
 - Level 2.4 Translocations


You had 6 spell levels left.
You didn't know any spells.
Your spell library contained the following spells:

 Spells                   Type           Power      Damage    Failure   Level
 Blink                    Tloc           14%        N/A       19%         2
 Gell's Gravitas          Tloc           7%         N/A       36%         3
 Lesser Beckoning         Tloc           7%         N/A       36%         3
 Teleport Other           Tloc           7%         N/A       36%         3
 Manifold Assault         Tloc           7%         N/A       98%         5

Inventory:

Hand Weapons
 e - a +0 whip
 Y - a +0 hand axe (weapon)
Armour
 b - a +0 leather armour (worn)
Scrolls
 a - a scroll of identify
Potions
 g - a potion of curing {unknown}
 h - a potion of haste {unknown}

Dungeon Overview and Level Annotations

Branches:
Dungeon (1/15)

Altars:


Message History

You kill the kobold!
You start resting.
HP restored.
You see here a +0 short sword.
You hit the rat.
You kill the rat!
You now have 69 gold pieces (gained 9).
There is a stone staircase leading down here.
You see here a frilled lizard skeleton.
Things that are here:
a +0 short sword; a jackal skeleton; a kobold skeleton Done exploring.
Done exploring.
1290 ||| READING 2 scrolls labelled OCYFIUPSED.
As you read the scroll labelled OCYFIUPSED, it crumbles to dust.
It is a scroll of identify.
Really abort (and waste the scroll)?
Done exploring.
1291 ||| READING scroll labelled XAUSOF POITUEFADE.
The air fills with toxic fumes!
As you read the scroll labelled XAUSOF POITUEFADE, it crumbles to dust.
It was a scroll of poison.
Done exploring.
1292 ||| DROPPING scroll of blinking.
You drop a scroll of blinking.
Done exploring.
(D) Dungeon
Where to? (* - list waypoints, ? - help)
What level of the Dungeon? (default 1, ? - help) Sorry, I don't know how to get there.
Done exploring.
1293 ||| Stepping randomly (stuck).
Really walk into that cloud of poison gas?
You are engulfed in poison gas.
You are lethally poisoned!
You feel very sick.
1294 ||| Stepping ~*~*~tactically~*~*~ (cloud).
You feel very sick.
You see here a scroll of blinking.
There is a lethal amount of poison in your body!
You die...

.#...## ##...##...##...## .##.##
##..#.....#.### .##.#
#####...........######
.##.########.....###.###.#.......
.............####..)## ###.######
.##.########## ##.## #.# .##.#
#.# #.# .##.# #########¤## #.#
.##.# #¤¤¤¤¤¤@¤¤¤######.# .##.#
#¤¤¤¤¤¤¤¤¤¤¤¤¤....# .##.#
##¤¤#######¤¤####### .##.#
#............# .##.#
#...#######..# .##.# #...# #..#
....#####...#######..#
.....................#
#########...#######.##


There were no monsters in sight!

Vanquished Creatures
  A dart slug (D:1)
  2 endoplasms (D:1)
  2 giant cockroaches (D:1)
  2 hobgoblins (D:1)
  4 jackals (D:1)
  3 kobolds (D:1)
  3 quokkas (D:1)
  6 ball pythons (D:1)
  3 bats (D:1)
  7 frilled lizards (D:1)
  4 rats (D:1)
37 creatures vanquished.

Vanquished Creatures (others)
  A plant (D:1)
1 creature vanquished.

Grand Total: 38 creatures vanquished

Notes
Turn   | Place    | Note
-------+----------+-------------------------------------------
     0 | D:1      | qw the Tengu Warper began the quest for the Orb.
     0 | D:1      | Reached XP level 1. HP: 12/12 MP: 4/4
     0 | D:1      | 0 ||| qw: Version: 0.1-a-89-g26bdef1
     0 | D:1      | 0 ||| qw: Game counter: 443
     0 | D:1      | 0 ||| qw: Always use a shield: true
     0 | D:1      | 0 ||| qw: God list: Okawaru
     0 | D:1      | 0 ||| qw: Allow faded altars: false
     0 | D:1      | 0 ||| qw: Do Orc after D:15 true
     0 | D:1      | 0 ||| qw: Do second Lair branch before Depths: true
     0 | D:1      | 0 ||| qw: Lair rune preference: random
     0 | D:1      | 0 ||| qw: Plans: Normal
     0 | D:1      | 0 ||| PLANNING D:1-11
   104 | D:1      | Reached skill level 3 in Axes
   104 | D:1      | Reached XP level 2. HP: 8/17 MP: 6/6
   414 | D:1      | Found a faded altar of an unknown god.
   767 | D:1      | 767 ||| Stepping ~*~*~tactically~*~*~ (stealth).
   769 | D:1      | 769 ||| Stepping ~*~*~tactically~*~*~ (stealth).
   775 | D:1      | Reached XP level 3. HP: 16/21 MP: 7/7
   910 | D:1      | Reached skill level 4 in Axes
  1183 | D:1      | 1183 ||| Stepping ~*~*~tactically~*~*~ (stealth).
  1185 | D:1      | 1185 ||| Stepping ~*~*~tactically~*~*~ (stealth).
  1290 | D:1      | 1290 ||| READING 2 scrolls labelled OCYFIUPSED.
  1291 | D:1      | 1291 ||| READING scroll labelled XAUSOF POITUEFADE.
  1292 | D:1      | 1292 ||| DROPPING scroll of blinking.
  1293 | D:1      | 1293 ||| Stepping randomly (stuck).
  1294 | D:1      | 1294 ||| Stepping ~*~*~tactically~*~*~ (cloud).
  1294 | D:1      | HP: 3/21 [poisoned by you (poison gas)]
  1295 | D:1      | Succumbed to their own poison gas

Levels and vault maps discovered:
D:1:      roderic_crossed_star, layout_loops_ring,
          shapermc_ecumenical_altar_rom_forum, st_stairs_4

Skill      XL: |  1  2  3 |
---------------+----------+-----
Axes           | 3 4 |  4.1
Fighting       | |  2.0
Throwing       | |  1.0
Armour         | |  1.1
Dodging        | |  2.1
Spellcasting   | |  2.0
Translocations | |  2.4

Action                   || total
-------------------------++-------
Melee: Hand axe          ||    73
       Kick              ||    15
       Peck              ||    10
Throw: Boomerang         ||     7
  Use: Scroll            ||     2
Armor: Leather armour    ||    19
Dodge: Dodged            ||    33

Table legend:
 A = Non-vault XP
 B = Vault XP
 C = Vault XP percentage of total XP
 D = Non-vault monster count
 E = Vault monster count
 F = Vault count percentage of total count
                 A         B        C        D         E       F
            +---------+---------+-------+---------+---------+-------
      Total |      53 |       2 |   3.6 |      35 |       2 |   5.4
            +---------+---------+-------+---------+---------+-------
        D:1 |      53 |       2 |   3.6 |      35 |       2 |   5.4
            +---------+---------+-------+---------+---------+-------
